 Dungeon Crawl Stone Soup version 0.26.1-11-gd32895ea62 (webtiles) character file.

Game seed: 5556971302855326975

1129 Gynju the Skirmisher (level 8, -9/73 HPs)
             Began as a Minotaur Fighter on May 30, 2021.
             Was an Initiate of Ru.
             Mangled by an orc warrior
             ... wielding a +0 halberd
              (14 damage)
             ... on level 6 of the Dungeon.
             The game lasted 00:08:52 (4751 turns).

Gynju the Skirmisher (Minotaur Fighter)             Turns: 4751, Time: 00:08:53

Health: -9/73      AC: 14    Str: 29    XL:     8   Next: 13%
Magic:  7/7        EV:  5    Int:  5    God:    Ru [......]
Gold:   319        SH:  0    Dex: 17    Spells: 7/7 levels left

rFire    . . .     SeeInvis .   v - +7 war axe of Bithir {speed, *Rage rPois Str+7 Stlth+}
rCold    + . .     Faith    .   p - +3 kite shield {rC+}
rNeg     . . .     Spirit   .   i - +0 plate armour
rPois    +         Reflect  .   (helmet restricted)
rElec    .         Harm     .   w - +0 cloak
rCorr    .         Rampage  .   (no gloves)
Will     .....     Rnd*Rage +   (no boots)
Stlth    ..........             (no amulet)
HPRegen  0.22/turn              c - ring of stealth
MPRegen  0.10/turn              u - +6 ring of dexterity

@: confused, lethally poisoned (-9 -> -12)
A: retaliatory headbutt, horns 2
a: Renounce Religion


You were on level 6 of the Dungeon.
You worshipped Ru.
Ru was noncommittal.
You visited 2 branches of the dungeon, and saw 7 of its levels.

You collected 319 gold pieces.

Inventory:

Hand Weapons
 v - the +7 war axe of Bithir (weapon) {speed, *Rage rPois Str+7 Stlth+}
   (You found it on level 4 of the Dungeon)

   Attacks with this weapon are significantly faster.
   It affects your strength (+7).
   It protects you from poison.
   It may make you go berserk in combat.
   It makes you more stealthy.
Armour
 i - a +0 plate armour (worn)
 p - a +3 kite shield of cold resistance (worn)
 w - a +0 cloak (worn)
Jewellery
 c - a ring of stealth (left hand)
 u - a +6 ring of dexterity (right hand)
Wands
 b - a wand of polymorph (5)
 s - a wand of iceblast (7)
Scrolls
 e - 7 scrolls of remove curse
 f - a scroll of random uselessness {unknown}
 h - 3 scrolls of teleportation
 m - a scroll of fog
Potions
 a - a potion of brilliance
 d - 2 potions of might
 g - 3 potions of curing
 j - a potion of degeneration
 k - a potion of haste {unknown}
 l - 2 potions of ambrosia
 n - a potion of cancellation
 q - a potion of lignification
 r - 2 potions of heal wounds {unknown}


   Skills:
 + Level 7.6 Fighting
 + Level 4.0(5.4) Axes
 - Level 5.6(6.3) Maces & Flails
 + Level 7.5 Armour
 - Level 3.6 Shields


You had 7 spell levels left.
You didn't know any spells.
Your spell library contained the following spells:

 Spells                   Type           Power        Failure   Level
 Animate Skeleton         Necr           0%           100%        1
 Corona                   Hex            0%           100%        1
 Pain                     Necr           0%           100%        1
 Ensorcelled Hibernation  Hex/Ice        0%           100%        2
 Confusing Touch          Hex            0%           100%        3
 Dazzling Flash           Conj/Hex       0%           100%        3
 Tukima's Dance           Hex            0%           100%        3
 Vampiric Draining        Necr           0%           100%        3
 Animate Dead             Necr           0%           100%        4
 Agony                    Necr           0%           100%        5


Dungeon Overview and Level Annotations

Branches:
Dungeon (6/15)             Temple (1/1) D:5

Altars:
Ashenzari
Cheibriados
Dithmenos
Elyvilon
Fedhas
Gozag
Hepliaklqana
Makhleb
Okawaru
Qazlal
Ru
Sif Muna
Trog
Uskayaw
Vehumet
Wu Jian
Xom
Yredelemnul
Zin
The Shining One

Shops:
D:5 *


Innate Abilities, Weirdness & Mutations

You reflexively headbutt those who attack you in melee.
You have a pair of horns on your head.


Message History

The orc warrior hits you with a +0 halberd!
You slash the orc wizard!
The orc wizard is severely wounded.
You closely miss the orc warrior.
The orc warrior hits you with a +0 halberd.
The orc wizard hits you but does no damage.
You are poisoned.
You feel sick.
The orc wizard gestures at you while chanting.
The puff of flame hits you!
* * * LOW HITPOINT WARNING * * *
The orc warrior barely misses you.
You're too confused to move!
You feel sick.
The orc warrior hits you from afar with a +0 halberd!
* * * LOW HITPOINT WARNING * * *
You're too confused to move!
You feel sick.
The orc wizard gestures at you while chanting.
You resist with some effort.
The orc warrior hits you from afar with a +0 halberd!
You die...

### ..# #.# #(# #
#.# .##.###†######
........oo@..##.
...$..!..Z........
......##.####?#.#.#
...(. #.# .# # ...#
#.# #.
#.##.###.###....
#.##.........#
#.#####.####...#
#†# #.# ##


You could see an orc warrior, an orc wizard and a quokka zombie.

Vanquished Creatures
  A phantom (D:4)
  A centaur (D:5)
  A bullfrog (D:5)
  2 scorpions
  5 killer bees (D:6)
  An orc priest (D:3)
  2 hounds
  6 orc wizards
  An iguana (D:5)
  2 worker ants (D:4)
  A hound skeleton (D:5)
  3 gnolls (D:4)
  5 adders
  A white imp (D:6)
  An ufetubus (D:5)
  An adder zombie (D:5)
  3 worms
  4 dart slugs
  2 leopard geckos
  13 orcs
  7 giant cockroaches
  21 goblins
  19 hobgoblins
  7 jackals
  2 quokkas
  A ball python (D:3)
  10 bats
  3 frilled lizards
  2 jackal skeletons
  10 kobolds
  6 rats (D:3)
144 creatures vanquished.

Vanquished Creatures (others)
  A plant (D:4)
1 creature vanquished.

Grand Total: 145 creatures vanquished

Notes
Turn   | Place    | Note
-------+----------+-------------------------------------------
     0 | D:1      | Gynju the Minotaur Fighter began the quest for the Orb.
     0 | D:1      | Reached XP level 1. HP: 19/19 MP: 0/0
   146 | D:1      | Reached XP level 2. HP: 27/27 MP: 1/1
   735 | D:2      | Reached XP level 3. HP: 33/33 MP: 2/2
  1165 | D:3      | Reached XP level 4. HP: 41/41 MP: 3/3
  2004 | D:4      | Reached skill level 5 in Fighting
  2015 | D:4      | Reached XP level 5. HP: 41/48 MP: 4/4
  2121 | D:4      | Reached skill level 5 in Armour
  2365 | D:4      | Reached XP level 6. HP: 51/56 MP: 5/5
  2430 | D:4      | Reached skill level 5 in Maces & Flails
  3006 | D:4      | Reached XP level 7. HP: 43/63 MP: 6/6
  3012 | D:4      | Got a crude war axe
  3013 | D:4      | Identified the +7 war axe of Bithir {speed, *Rage rPois
                  | Str+7 Stlth+} (You found it on level 4 of the Dungeon)
  3247 | D:4      | Reached skill level 1 in Axes
  3588 | D:5      | Entered Level 5 of the Dungeon
  3625 | D:5      | Found a snail-covered altar of Cheibriados.
  3710 | D:5      | Found a staircase to the Ecumenical Temple.
  3744 | Temple   | Entered the Ecumenical Temple
  3932 | Temple   | Became a worshipper of Ru the Awakened
  4101 | D:5      | Found Ciossul's Assorted Antiques.
  4140 | D:5      | Found a bloodstained altar of Trog.
  4554 | D:6      | Reached XP level 8. HP: 54/73 MP: 7/7
  4751 | D:6      | Mangled by an orc warrior

Illustrated notes

Levels and vault maps discovered:
D:1:      giann_forest_graveyard, layout_basic
D:2:      layout_basic
D:3:      layout_loops_ring, minmay_three_crescents
D:4:      corexii_shantytown, layout_loops_cross
D:5:      layout_basic, bloody_trog, lemuel_doored_altar, temple_green,
          serial_shops, nicolae_shop_statue_plus
D:6:      layout_loops_ring, lemuel_round_altar
Temple:   regret_index_temple_mists

Skill      XL: |  1  2  3  4  5  6  7  8 |
---------------+-------------------------+-----
Fighting       | 4 5 6 7 |  7.6
Maces & Flails | 3 4 5 |  5.6
Armour         | 4 5 6 7 |  7.5
Axes           | 3 4 |  4.0
Shields        | |  3.6

Action                   |  1- 3 |  4- 6 |  7- 9 || total
-------------------------+-------+-------+-------++-------
Melee: Flail             |    79 |   198 |     4 ||   281
       Headbutt          |    14 |    33 |    27 ||    74
       War axe           |       |       |    98 ||    98
  Use: Scroll            |       |     1 |    13 ||    14
Armor: Plate armour      |    54 |   128 |    39 ||   221
Dodge: Dodged            |    18 |    32 |    18 ||    68
Block: Kite shield       |    48 |   150 |    52 ||   250
